 Dungeon Crawl Stone Soup version 0.17.0-56-gd8de76c (console) character file.

12208 Kloppie the Nimble (level 11, -5/78 HPs)
             Began as a High Elf Air Elementalist on Dec 5, 2015.
             Was an Elder of Vehumet.
             Slain by a komodo dragon (18 damage)
             ... on level 2 of the Lair of Beasts.
             The game lasted 00:49:11 (17720 turns).

Kloppie the Nimble (High Elf Air Elementalist)     Turns: 17720, Time: 00:49:11

Health: -5/78      AC:  7    Str:  7    XL:     11   Next: 59%
Magic:  3/22       EV: 26    Int: 21    God:    Vehumet [****..]
Gold:   334        SH:  0    Dex: 18    Spells: 6 memorised, 8 levels left

rFire  . . .     SeeInvis .     K - +2 quarterstaff (crush)
rCold  . . .     Clarity  .     s - +0 robe
rNeg   . . .     SustAt   .     (shield currently unavailable)
rPois  .         Gourm    .     A - +0 helmet
rElec  .         Spirit   .     o - +2 cloak
rCorr  .         Warding  .     (no gloves)
rMut   .         Stasis   .     C - +0 pair of boots {run}
MR     +....                    (no amulet)
Stlth  ++........               r - +4 ring of evasion
                                e - +2 ring of evasion

@: repel missiles, quick, somewhat resistant to hostile enchantments, unstealthy
A: no striking features
a: Renounce Religion


You were on level 2 of the Lair of Beasts.
You worshipped Vehumet.
Vehumet was greatly pleased with you.
You were not hungry.

You visited 3 branches of the dungeon, and saw 13 of its levels.
You also visited: Ossuary.

You collected 680 gold pieces.
You spent 346 gold pieces at shops.

Inventory:

Hand Weapons
 w - a +4 quarterstaff
 K - a +2 quarterstaff of crushing (weapon)
Armour
 o - a +2 cloak (worn)
 s - a +0 robe (worn)
 A - a +0 helmet (worn)
 C - a +0 pair of boots of running (worn)
Jewellery
 e - a +2 ring of evasion (left hand)
 r - a +4 ring of evasion (right hand)
 I - an uncursed ring of ice
Wands
 h - a wand of hasting (7)
 y - a wand of fire (3)
Scrolls
 a - a scroll of blinking
 b - 2 scrolls of fog
 g - 3 scrolls of enchant armour
 p - 2 scrolls of recharging
 t - a scroll of amnesia
 z - a scroll of magic mapping
 H - a scroll of remove curse
Potions
 d - 2 potions of flight
 j - 4 potions of mutation
 m - 2 potions of heal wounds
 q - 6 potions of agility
 u - a potion of curing
 v - a potion of resistance {unknown}
 x - 2 potions of lignification {unknown}
 B - 2 potions of brilliance
 D - 5 potions of haste
 E - 2 potions of cure mutation
 F - a potion of magic
 G - 3 potions of poison {unknown}
Books
 f - a book of Battle

   Spells                             Type                      Level
   a - Infusion                       Charms                       1
   b - Shroud of Golubria             Charms/Translocation         2
   c - Song of Slaying                Charms                       2
   d - Spectral Weapon                Hexes/Charms                 3
   e - Regeneration                   Charms/Necromancy            3
 i - a book of the Warp

   Spells                             Type                      Level
   a - Recall                         Summoning/Translocation      3
   b - Gell's Gravitas                Hexes/Translocation          3
   c - Force Lance                    Conjuration/Translocation    4
   d - Phase Shift                    Translocation                5
   e - Warp Weapon                    Charms/Translocation         5
   f - Summon Forest                  Summoning/Translocation      5
 k - a book of Air

   Spells                             Type                      Level
   a - Shock                          Conjuration/Air              1
   b - Swiftness                      Charms/Air                   2
   c - Repel Missiles                 Charms/Air                   2
   d - Static Discharge               Conjuration/Air              3
   e - Lightning Bolt                 Conjuration/Air              5
Comestibles
 c - 5 bread rations
 l - 6 chunks of flesh
 n - 5 meat rations


   Skills:
 + Level 8.6 Fighting
 - Level 3.3 Staves
 + Level 1.0 Armour
 - Level 10.1 Dodging
 - Level 2.1 Stealth
 - Level 6.7 Spellcasting
 - Level 9.0 Conjurations
 - Level 5.1 Charms
 - Level 10.0 Air Magic


You had 8 spell levels left.
You knew the following spells:

 Your Spells              Type           Power        Failure   Level  Hunger
a - Shock                 Conj/Air       ####         1%          1    None
b - Swiftness             Chrm/Air       #####...     1%          2    None
c - Static Discharge      Conj/Air       #####...     1%          3    #......
d - Repel Missiles        Chrm/Air       #####.       1%          2    None
e - Lightning Bolt        Conj/Air       #####.....   1%          5    #####..
f - Shroud of Golubria    Chrm/Tloc      ###.......   6%          2    None


Dungeon Overview and Level Annotations

Branches:
Dungeon (9/15)             Temple (1/1) D:5            Lair (3/8) D:9
  Swamp: Lair:3-6    Shoals: Lair:3-6     Snake: Lair:3-6    Spider: Lair:3-6
    Orc: D:9-12

Altars:
Ashenzari
Cheibriados
Dithmenos
Elyvilon
Fedhas
Gozag
Kikubaaqudgha
Makhleb
Okawaru
Qazlal
Ru
Sif Muna
Trog
Vehumet
Xom
Yredelemnul
Zin
The Shining One

Shops:
D:5 %   D:7 [

Annotations:
D:3 Kloppie's ghost, amateur HEAE
D:5 1 exclusion


Message History

The komodo dragon is almost dead.
The lightning grounds out.
The komodo dragon closely misses you.
Casting: Static Discharge
Confirm with . or Enter, or press ? or * to list all spells.
Aiming: Shock
Press: ? - help, Shift-Dir - straight line, f/p - komodo dragon
Aim: a komodo dragon (almost dead) That beam is likely to hit you.
Continue anyway?
Okay, then.
Casting: Shock
Confirm with . or Enter, or press ? or * to list all spells.
Aiming: Shock
Press: ? - help, Shift-Dir - straight line, f/p - komodo dragon
Aim: a komodo dragon (almost dead)
The zap hits the komodo dragon.
The komodo dragon is almost dead.
The zap hits the komodo dragon.
The komodo dragon is almost dead.
The komodo dragon bites you!!
You die...

...............#....P# #.####
..............###...## #....#
..............##(....# ##...#
...................#.####...##
............................(#
..........#..###...######....#
.....................####...##
............#.........P......#
.........#.##..l@.......###.##
........................#####
......#.#####>..>....###.#
..####### #.##.##P### ### ###
#########


You could see a komodo dragon.

Vanquished Creatures
  The ghost of Gargoyl the Protected, a journeyman DsAK of Lugonu (Lair:2)
  2 hydras
  Joseph (D:8)
  2 komodo dragons (Lair:1)
  3 spiny frogs
  A black mamba (Lair:2)
  8 blink frogs
  3 yaks (D:9)
  4 hippogriffs
  2 basilisks (Lair:2)
  2 wyverns
  3 water moccasins
  2 porcupines
  Duvessa (D:5)
  2 ice beasts
  An orc warrior (D:8)
  3 sky beasts
  4 black bears
  2 centaurs
  7 crocodiles
  7 giant frogs
  Dowan (D:5)
  A water moccasin zombie (Ossuary)
  3 scorpions
  4 killer bees (D:8)
  3 crimson imps
  2 electric eels (Lair:1)
  A gnoll shaman (D:8)
  An orc priest (D:3)
  A giant frog skeleton (D:4)
  An orc wizard (D:9)
  A centaur skeleton (D:6)
  8 hounds
  Terence (D:3)
  7 iguanas
  6 worker ants
  18 sheep (Lair:1)
  3 big kobold zombies (Ossuary)
  A hound skeleton (D:6)
  2 mummies (Ossuary)
  14 gnolls
  2 worker ant zombies
  13 adders
  25 river rats
  4 shadow imps
  An ooze (D:1)
  6 adder zombies
  4 worms
  3 adder skeletons
  2 giant geckos
  13 orcs
  4 bats
  15 hobgoblins
  7 kobolds
  2 quokkas
  A giant cockroach (D:1)
  2 giant newts
  2 gnoll zombies (Ossuary)
  8 goblins
  7 hobgoblin zombies (Ossuary)
  13 jackals
  5 kobold zombies (Ossuary)
  3 orc zombies (Ossuary)
  A quokka skeleton (D:7)
  2 quokka zombies (D:6)
  5 rats
290 creatures vanquished.

Vanquished Creatures (others)
  A giant gecko (D:8)
  5 fungi
  9 plants
15 creatures vanquished.

Grand Total: 305 creatures vanquished

Notes
Turn   | Place    | Note
--------------------------------------------------------------
     0 | D:1      | Kloppie the High Elf Air Elementalist began the quest for the Orb.
     0 | D:1      | Reached XP level 1. HP: 11/11 MP: 4/4
   350 | D:1      | Reached skill level 4 in Air Magic
   389 | D:1      | Reached XP level 2. HP: 17/17 MP: 4/6
  1257 | D:1      | Learned a level 2 spell: Swiftness
  1262 | D:2      | Reached XP level 3. HP: 16/21 MP: 2/7
  1593 | D:2      | Learned a level 3 spell: Static Discharge
  1798 | D:2      | Reached skill level 5 in Air Magic
  1858 | D:2      | Reached XP level 4. HP: 24/27 MP: 2/8
  1922 | D:2      | Found a shattered altar of Ashenzari.
  2232 | D:2      | Found a sacrificial altar of Ru.
  2703 | D:3      | Reached XP level 5. HP: 31/31 MP: 9/9
  2710 | D:3      | Noticed Terence
  2717 | D:3      | Killed Terence
  2740 | D:3      | Noticed Kloppie's ghost (amateur HEAE)
  3104 | D:4      | Reached skill level 6 in Air Magic
  3400 | D:4      | Reached XP level 6. HP: 13/36 MP: 6/10
  3661 | D:4      | Reached skill level 5 in Conjurations
  4146 | D:5      | Entered Level 5 of the Dungeon
  4244 | D:5      | Reached skill level 1 in Fighting
  4323 | D:5      | Found an iron altar of Okawaru.
  4483 | D:5      | Found Hiexut's Food Shoppe.
  4687 | D:5      | Found a staircase to the Ecumenical Temple.
  4687 | D:5      | Noticed Duvessa
  4688 | D:5      | Noticed Dowan
  4708 | D:5      | Killed Duvessa
  4708 | D:5      | Reached skill level 7 in Air Magic
  4719 | D:5      | Killed Dowan
  4719 | D:5      | Reached XP level 7. HP: 26/45 MP: 0/11
  4755 | Temple   | Entered the Ecumenical Temple
  4876 | Temple   | Became a worshipper of Vehumet
  5128 | D:5      | Learned a level 2 spell: Repel Missiles
  5791 | D:6      | Noticed a water elemental
  5803 | D:6      | Found a stormy altar of Qazlal.
  5920 | D:6      | Noticed a fire elemental
  5953 | D:6      | Noticed an air elemental
  6027 | D:6      | Reached skill level 8 in Air Magic
  6114 | D:6      | Found a sand-covered staircase.
  6223 | Ossuary  | Entered an ossuary
  6408 | Ossuary  | Learned a level 5 spell: Lightning Bolt
  6484 | Ossuary  | Reached XP level 8. HP: 44/52 MP: 5/15
  6559 | Ossuary  | Reached * piety under Vehumet
  6559 | Ossuary  | Offered knowledge of Sting by Vehumet.
  7396 | D:7      | Reached skill level 9 in Air Magic
  7558 | D:7      | Found Zeygel's Antique Armour Emporium.
  7571 | D:7      | Bought a brightly glowing robe for 193 gold pieces
  7571 | D:7      | Bought a pair of glowing boots for 153 gold pieces
  7686 | D:7      | Identified a +0 pair of boots of running (You bought it in a shop on level 7 of the Dungeon)
  7686 | D:7      | Identified the +1 robe of Ladders and Snakes {+Blink rF+ Slay-4} (You bought it in a shop on level 7 of the Dungeon)
  7920 | D:7      | Offered knowledge of Sandblast by Vehumet.
  7962 | D:6      | Reached ** piety under Vehumet
  8531 | D:8      | You fall through a shaft!
  8832 | D:8      | Reached skill level 10 in Air Magic
  8941 | D:8      | Noticed Joseph
  8965 | D:8      | Killed Joseph
  8965 | D:8      | Reached XP level 9. HP: 24/58 MP: 9/16
  9814 | D:8      | You fall through a shaft!
  9838 | D:8      | Offered knowledge of Stone Arrow by Vehumet.
  9838 | D:8      | Reached skill level 5 in Fighting
  9838 | D:8      | Reached skill level 5 in Dodging
 10966 | D:9      | Found an ancient bone altar of Kikubaaqudgha.
 10966 | D:9      | Found a snail-covered altar of Cheibriados.
 11343 | D:9      | Found a staircase to the Lair.
 11757 | D:9      | Reached XP level 10. HP: 39/68 MP: 6/17
 11920 | D:9      | Found a deep blue altar of Sif Muna.
 12165 | Lair:1   | Entered Level 1 of the Lair of Beasts
 12176 | Lair:1   | Learned a level 2 spell: Shroud of Golubria
 12524 | Lair:1   | Reached skill level 1 in Charms
 13031 | Lair:1   | Reached *** piety under Vehumet
 13475 | Lair:1   | Reached skill level 5 in Charms
 13659 | Lair:1   | Noticed an eight-headed hydra
 13692 | Lair:1   | Killed an eight-headed hydra
 13692 | Lair:1   | Offered knowledge of Fulminant Prism by Vehumet.
 13692 | Lair:1   | Reached skill level 10 in Dodging
 14214 | Lair:1   | Reached XP level 11. HP: 66/75 MP: 16/18
 14428 | Lair:1   | Reached skill level 1 in Staves
 15765 | Lair:2   | Noticed Gargoyl's ghost (journeyman DsAK)
 15818 | Lair:2   | Killed Gargoyl's ghost
 15818 | Lair:2   | Reached skill level 5 in Spellcasting
 16033 | Lair:2   | Noticed a five-headed hydra
 16069 | Lair:2   | Killed a five-headed hydra
 16222 | Lair:2   | HP: 2/77 [blink frog (18)]
 17205 | Lair:2   | Reached **** piety under Vehumet
 17695 | Lair:2   | Reached skill level 1 in Armour
 17720 | Lair:2   | Slain by a komodo dragon

Action                   |  1- 3 |  4- 6 |  7- 9 | 10-12 || total
-------------------------+-------+-------+-------+-------++-------
Melee: Unarmed           |     9 |       |       |       ||     9
       Short sword       |    20 |       |       |       ||    20
       Dagger            |       |    54 |       |       ||    54
       Halberd           |       |    56 |   131 |       ||   187
       Trident           |       |       |   126 |       ||   126
       Quarterstaff      |       |       |    88 |   224 ||   312
 Cast: Shock             |    60 |    80 |   196 |   102 ||   438
       Static Discharge  |       |       |    28 |    39 ||    67
       Repel Missiles    |       |       |     1 |       ||     1
       Swiftness         |       |       |     2 |       ||     2
       Lightning Bolt    |       |       |     1 |     9 ||    10
       Shroud of Golubri |       |       |       |     5 ||     5
  Use: Scroll            |       |     7 |    10 |    10 ||    27
       Potion            |       |     1 |     1 |     2 ||     4
 Stab: Sleeping          |     4 |     3 |     4 |     2 ||    13
       Distracted        |       |       |       |     1 ||     1
  Eat: Chunk             |     3 |     8 |    17 |    15 ||    43
       Fruit             |       |     1 |     1 |     8 ||    10
       Beef jerky        |       |       |     4 |     1 ||     5
       Pizza             |       |       |     1 |       ||     1
